 Dungeon Sprint DCSS version 0.29-a0-392-g297d3b089c (webtiles) character file.

Game seed: 12372358874005753420

7 mhtbhm the Skirmisher (level 2, -13/30 HPs)
             Began as a Gargoyle Berserker on May 8, 2022.
             Was a Follower of Trog.
             Mangled by a wyvern (17 damage)
             ... in the Dungeon (Sprint II: "The Violet Keep of Menkaure").
             The game lasted 00:00:13 (75 turns).

mhtbhm the Skirmisher (Gargoyle Berserker)            Turns: 75, Time: 00:00:13

Health: -13/30     AC:  5    Str: 20    XL:     2   Next: 0%
Magic:  2/2        EV: 12    Int:  7    God:    Trog [*.....]
Gold:   243        SH:  0    Dex:  9    Spells: 1/1 levels left

rFire   . . .      SeeInvis .   a - +0 mace
rCold   . . .      Faith    .   (no shield)
rNeg    + . .      Spirit   .   b - +0 animal skin
rPois   ∞          Reflect  .   (no helmet)
rElec   +          Harm     .   (no cloak)
rCorr   .          Rampage  .   (no gloves)
Will    .....      NoTele   +   (no boots)
Stlth   ..........              (no amulet)
HPRegen 0.10/turn               (no ring)
MPRegen 0.08/turn               (no ring)

@: berserking (expiring), very quick
A: sickness immunity, AC +2, negative energy resistance 1, electricity
resistance, torment resistance 1, petrification resistance
a: Renounce Religion, Berserk


You were in the Dungeon.
You worshipped Trog.
Trog was aware of your devotion.
You visited 1 branch You collected 243 gold pieces.

Inventory:

Hand Weapons
 a - a +0 mace (weapon)
Armour
 b - a +0 animal skin (worn)
Scrolls
 h - a scroll of blinking
Potions
 c - a potion of curing
 d - a potion of heal wounds
 e - a potion of haste
 f - 2 potions of magic
 g - a potion of berserk rage


   Skills:
 + Level 4.2 Fighting
 + Level 3.8 Maces & Flails
 + Level 2.5 Armour
 + Level 1.8 Dodging


You had one spell level left.
You didn't know any spells.
Your spell library was empty.

Dungeon Overview and Level Annotations

Branches:
Dungeon (1/1)

Altars:


Innate Abilities, Weirdness & Mutations

You are immune to sickness and miasma.
Your stone body is resilient. (AC +2)
You are immune to poison.
You resist negative energy. (rN+)
You are resistant to electric shocks. (rElec)
You are resistant to unholy torment.
You are immune to petrification.


Message History

The wyvern is lightly wounded.
The wyvern bites you.
You closely miss the wyvern.
The wyvern is lightly wounded.
The wyvern bites you.
You barely miss the wyvern.
The wyvern is lightly wounded.
The wyvern barely misses you. The wyvern completely misses you.
You closely miss the wyvern.
The wyvern is lightly wounded.
The wyvern bites you!
You thump the wyvern!
The wyvern is heavily wounded.
The wyvern bites you.
You are too injured to fight recklessly!
You are too injured to fight recklessly!
You are too injured to fight recklessly!
You are too injured to fight recklessly!
You are too injured to fight recklessly!
You are too injured to fight recklessly!
You are too injured to fight recklessly!
You are too injured to fight recklessly!
You are too injured to fight recklessly!
You are too injured to fight recklessly!
You closely miss the wyvern.
The wyvern is heavily wounded.
The wyvern bites you but does no damage.
You hit the wyvern but do no damage.
The wyvern is heavily wounded.
The wyvern misses you.
You closely miss the wyvern.
The wyvern is heavily wounded.
The wyvern bites you!
* * * LOW HITPOINT WARNING * * *
The wyvern bites you but does no damage.
You barely miss the wyvern.
The wyvern is moderately wounded.
The wyvern bites you!
Ouch! That really hurt!
You die...

# # #. #+#
.##
#.##.##B..#
#l@<.+#
#l##.##B..#
#. ##'# .##
# #††# #
#..## ##.
##


You could see 2 wyverns.

Vanquished Creatures
  2 worms (D)
2 creatures vanquished.

Notes
Turn   | Place    | Note
-------+----------+-------------------------------------------
     0 | D        | mhtbhm the Gargoyle Berserker began the quest for the Orb.
     0 | D        | Reached XP level 1. HP: 14/14 MP: 1/1
     1 | D        | Noticed a boulder beetle
     1 | D        | Noticed a boulder beetle
    12 | D        | Reached skill level 4 in Fighting
    12 | D        | Reached XP level 2. HP: 20/20 MP: 2/2
    64 | D        | Noticed a wyvern
    64 | D        | Noticed a wyvern
    75 | D        | Mangled by a wyvern

Illustrated notes

Levels and vault maps discovered:
D:        the_violet_keep_of_menkaure [sprint2_stairs_cluster_1,
          sprint2_shoproom, sprint2_temple, sprint2_basic_supplies,
          sprint2_obstacle_6, sprint2_obstacle_7, sprint2_obstacle_5,
          sprint2_obstacle_1, sprint2_obstacle_2, sprint2_timed_cluster_1,
          sprint2_smallroom_cluster_1, sprint2_smallroom_final_cluster_1,
          sprint2_transparent_cluster_1, sprint2_second_timed_cluster_1,
          sprint2_sniper_area_1, sprint2_heavy_combat_area_1,
          sprint2_mutation_trap_area_1, sprint2_forest_area_1,
          sprint2_light_combat_area_1, sprint2_behind_water_1,
          sprint2_near_end_vault_1]

Skill      XL: |  1 |
---------------+----+-----
Fighting       | 4 |  4.2
Maces & Flails | |  3.8
Armour         | |  2.5
Dodging        | |  1.8

Action                   || total
-------------------------++-------
Melee: Mace              ||    14
Invok: Berserk           ||     2
Armor: Animal skin       ||     2
Dodge: Dodged            ||     7

Table legend: (Time is in decaauts)
 A = Elapsed time spent in this place.
 B = Non-inter-level travel time spent in this place.
 C = Inter-level travel time spent in this place.
 D = Time resting spent in this place.
 E = Time spent auto-exploring this place.
 F = Levels seen in this place.
 G = Mean time per level.
                   A        B        C        D        E       F      G
               +--------+--------+--------+--------+--------+-----+--------+
         Total |     87 |     87 |      0 |     62 |      0 |   1 |   87.0 |
       Dungeon |     87 |     87 |      0 |     62 |      0 |   1 |   87.0 |
               +--------+--------+--------+--------+--------+-----+--------+

Top non-repeatable levels by time:
       D: 87 daAuts
